 Dungeon Crawl Stone Soup version 0.17-a0-2215-g49c1de0 (webtiles) character file.

9975 radek the Destroyer (level 11, -5/54 HPs)
             Began as a Deep Elf Conjurer on Oct 27, 2015.
             Was a Priest of Vehumet.
             Slain by a komodo dragon (18 damage)
             ... on level 8 of the Dungeon.
             The game lasted 01:30:53 (13663 turns).

radek the Destroyer (Deep Elf Conjurer)            Turns: 13663, Time: 01:30:53

Health: -5/54      AC: 12    Str: 12    XL:     11   Next: 30%
Magic:  31/37      EV: 16    Int: 23    God:    Vehumet [***...]
Gold:   331        SH:  0    Dex: 15    Spells: 2 memorised, 27 levels left

rFire  . . .     SeeInvis .     (no weapon)
rCold  + . .     Clarity  .     C - +2 leather armour {rC+}
rNeg   . . .     SustAt   .     (no shield)
rPois  .         Gourm    .     Y - +0 helmet
rElec  .         Spirit   .     H - +1 cloak "Qajar" {*Drain +Fly Regen+ MP+9}
rCorr  +         Warding  .     h - +0 pair of gloves
rMut   .         Stasis   .     s - +1 pair of boots
MR     +....                    M - amulet of resist corrosion
Stlth  ++........               m - +6 ring of strength
                                D - +6 ring of slaying

@: somewhat resistant to hostile enchantments, unstealthy
A: no striking features
a: Renounce Religion, Evoke Flight


You were on level 8 of the Dungeon.
You worshipped Vehumet.
Vehumet was most pleased with you.
You were not hungry.

You visited 3 branches of the dungeon, and saw 13 of its levels.

You collected 616 gold pieces.
You spent 285 gold pieces at shops.

Inventory:

Hand Weapons
 x - a +4 quarterstaff of chaos
 L - a +1 long sword of slicing
 O - a +2 trident of flaming
Armour
 h - a +0 pair of gloves (worn)
 s - a +1 pair of boots (worn)
 C - a +2 leather armour of cold resistance (worn)
 H - the +1 cloak "Qajar" (worn) {*Drain +Fly Regen+ MP+9}
   (You found it on level 8 of the Dungeon)

   It affects your magic capacity (+9).
   It lets you fly.
   It increases your rate of regeneration.
   It causes draining when unequipped.
 Y - a +0 helmet (worn)
Jewellery
 m - a +6 ring of strength (right hand)
 D - a +6 ring of slaying (left hand)
 J - an uncursed ring of teleportation
 K - an uncursed amulet of clarity
 M - an amulet of resist corrosion (around neck)
 P - an uncursed ring of teleportation
Wands
 l - a wand of slowing (22)
 t - a wand of slowing (21)
 w - a wand of flame (16)
 y - a wand of confusion (10)
 z - a wand of lightning (10)
 B - a wand of lightning (7)
 Q - a wand of disintegration (13)
 T - a wand of teleportation (0)
 U - a wand of random effects (28)
 Z - a wand of disintegration (10)
Scrolls
 a - 2 scrolls of fog
 d - 2 scrolls of magic mapping
 j - 5 scrolls of identify
 k - 3 scrolls of teleportation
 n - 2 scrolls of enchant armour
 v - 3 scrolls of enchant weapon
 R - a scroll of amnesia
 S - a scroll of holy word
Potions
 e - 4 potions of curing
 f - 4 potions of agility
 g - 2 potions of heal wounds {unknown}
 i - 3 potions of haste {unknown}
 p - 3 potions of magic {unknown}
 u - a potion of invisibility
 A - a potion of might
 E - a potion of ambrosia
 F - a potion of cure mutation {unknown}
 G - 2 potions of lignification {unknown}
 I - a potion of beneficial mutation
 N - a potion of brilliance
Books
 b - a book of Conjurations

   Spells                             Type                      Level
   a - Magic Dart                     Conjuration                  1
   b - Searing Ray                    Conjuration                  2
   c - Dazzling Spray                 Conjuration/Hexes            3
   d - Fulminant Prism                Conjuration/Hexes            4
   e - Iskenderun's Mystic Blast      Conjuration                  4
   f - Iskenderun's Battlesphere      Conjuration/Charms           5
 V - a book of Envenomations

   Spells                             Type                      Level
   a - Spider Form                    Transmutation/Poison         3
   b - Alistair's Intoxication        Transmutation/Poison         4
   c - Olgreb's Toxic Radiance        Poison                       4
   d - Poisonous Cloud                Conjuration/Poison/Air       6
Miscellaneous
 o - an ornate deck of war {the Blade}
Comestibles
 c - 10 bread rations
 q - 9 slices of pizza
 r - a fruit
 W - 3 chunks of flesh


   Skills:
 + Level 4.8 Armour
 + Level 8.0 Dodging
 - Level 2.4 Stealth
 * Level 11.5 Spellcasting
 * Level 11.9 Conjurations
 * Level 11.0 Charms


You had 27 spell levels left.
You knew the following spells:

 Your Spells              Type           Power        Failure   Level  Hunger
a - Magic Dart            Conj           ####         1%          1    None
b - Iskenderun's Battles  Conj/Chrm      ######..     1%          5    ####...


Dungeon Overview and Level Annotations

Branches:
Dungeon (11/15)            Temple (1/1) D:7            Lair (1/8) D:8
    Orc: D:9-12

Altars:
Ashenzari
Cheibriados
Dithmenos
Elyvilon
Fedhas
Kikubaaqudgha
Makhleb
Nemelex Xobeh
Okawaru
Qazlal
Ru
Sif Muna
Trog
Vehumet
Xom
Yredelemnul
Zin
The Shining One

Shops:
D:7 ?

Annotations:
D:2 Sigmund
D:11 Maud


Message History

Press: ? - help, Shift-Dir - straight line, f/p - komodo dragon
Aim: a komodo dragon (moderately wounded)
The magic dart hits the komodo dragon.
The komodo dragon is heavily wounded.
Your battlesphere fires!
The barrage of energy hits the komodo dragon.
The komodo dragon is severely wounded.
The komodo dragon bites you!
* * * LOW HITPOINT WARNING * * *
The komodo dragon bites you.
* * * LOW HITPOINT WARNING * * *
You climb upwards.
Welcome back to the Dungeon!
Your battlesphere wavers and loses cohesion.
There is a staircase to the Lair here.
Zapping:
T - a wand of teleportation (will waste charges)
Press: ? - help, Shift-Dir - straight line The komodo dragon easily resists.
Evoking this partially-identified wand wasted a few charges.
The komodo dragon bites you!!
You die...

#.#.##.#.........................
#...##.#..#.)....................
#...#.....#)#............####.##.
###.#..#.##.#.########...........
.......#....#)########.#.####.###
#############............####.##.
.........# #.......#..#......##.
########.# #..l....#..#.#######.
##.####...@...#..#.......#.
#######.....#.#######......###.#.
............#.# #............
............#.# #.#....###...
............#.#######............
............#.#......##..######..
.......#.####........##..# #.....
.......#.## #........##..# #.....
..........# #........##..# #.....


You could see a komodo dragon.

Vanquished Creatures
  Pikel (D:4)
  An ugly thing (D:11)
  The ghost of Kolbur the Poker, a novice MfIE (D:6)
  The ghost of teron the Grave Robber, a novice HONe of Sif Muna (D:5)
  2 two-headed ogres
  Prince Ribbit (D:9)
  2 trolls
  A deep elf mage (D:10)
  A trapdoor spider (D:10)
  A wraith (D:11)
  4 yaks (D:11)
  Eustachio (D:4)
  A deep elf fighter (D:8)
  Grum (D:10)
  A hippogriff (D:10)
  4 wolves (D:10)
  4 phantoms
  4 slaves (D:4)
  An eye of draining (D:9)
  A black bear (D:9)
  A necrophage (D:7)
  2 orc warriors
  3 ice beasts
  8 ogres
  A sky beast (D:5)
  2 big kobolds
  3 centaurs (D:11)
  7 giant frogs
  A wyvern zombie (D:7)
  A wyvern skeleton (D:6)
  A water moccasin skeleton (D:8)
  4 scorpions
  14 killer bees
  5 hounds
  Crazy Yiuf (D:4)
  2 orc priests
  3 centaur skeletons
  3 crimson imps
  4 giant frog skeletons
  5 iguanas
  12 orc wizards
  16 worker ants
  2 hound zombies
  5 hound skeletons
  2 worker ant zombies
  14 adders
  3 gnolls (D:8)
  A river rat (D:3)
  A shadow imp (D:8)
  2 oozes
  2 adder zombies
  5 worms
  8 giant geckos
  35 orcs
  9 hobgoblins
  20 jackals
  19 kobolds
  5 quokkas
  11 bats
  6 giant cockroaches
  A giant gecko skeleton (D:8)
  9 giant newts
  2 gnoll zombies (D:5)
  3 goblins
  12 rats
310 creatures vanquished.

Vanquished Creatures (others)
  A fungus (D:4)
1 creature vanquished.

Grand Total: 311 creatures vanquished

Notes
Turn   | Place    | Note
--------------------------------------------------------------
     0 | D:1      | radek the Deep Elf Conjurer began the quest for the Orb.
     0 | D:1      | Reached XP level 1. HP: 10/10 MP: 6/6
   297 | D:1      | Reached XP level 2. HP: 15/15 MP: 5/8
   355 | D:1      | Reached skill level 5 in Conjurations
   866 | D:2      | Noticed Sigmund
  1009 | D:2      | Reached XP level 3. HP: 19/19 MP: 5/9
  1227 | D:2      | Found a faded altar to an unknown god.
  1270 | D:2      | Reached skill level 6 in Conjurations
  1310 | D:2      | Reached XP level 4. HP: 18/24 MP: 4/10
  1618 | D:2      | Found a white marble altar of Elyvilon.
  1658 | D:2      | Found a sacrificial altar of Ru.
  2297 | D:3      | Reached skill level 7 in Conjurations
  2297 | D:3      | Reached XP level 5. HP: 28/28 MP: 6/11
  2541 | D:3      | Learned a level 5 spell: Iskenderun's Battlesphere
  3296 | D:3      | Found a bloodstained altar of Trog.
  3432 | D:4      | Reached XP level 6. HP: 32/32 MP: 7/12
  3625 | D:4      | Reached skill level 5 in Charms
  3703 | D:4      | Noticed a phantom
  3714 | D:4      | Killed a phantom
  3916 | D:4      | Noticed Crazy Yiuf
  3945 | D:4      | Killed Crazy Yiuf
  4120 | D:4      | Reached XP level 7. HP: 36/36 MP: 5/13
  4247 | D:4      | Reached skill level 8 in Charms
  4393 | D:4      | Noticed a slave
  4394 | D:4      | Noticed a slave
  4394 | D:4      | Noticed a slave
  4407 | D:4      | Killed a slave
  4410 | D:4      | Killed a slave
  4439 | D:4      | Killed a slave
  4639 | D:4      | Noticed a phantom
  4651 | D:4      | Noticed Eustachio
  4655 | D:4      | Killed a phantom
  4655 | D:4      | Reached skill level 9 in Charms
  4737 | D:4      | Killed Eustachio
  4798 | D:4      | Reached skill level 10 in Charms
  4945 | D:4      | Found an ancient bone altar of Kikubaaqudgha.
  4946 | D:4      | Found a shadowy altar of Dithmenos.
  4948 | D:4      | Found a snail-covered altar of Cheibriados.
  5138 | D:4      | Noticed a slave
  5264 | D:4      | Killed a slave
  5404 | D:4      | Noticed Pikel
  5408 | D:4      | Killed Pikel
  5408 | D:4      | Reached skill level 1 in Armour
  5408 | D:4      | Reached skill level 5 in Spellcasting
  5408 | D:4      | Reached XP level 8. HP: 41/41 MP: 5/17
  5492 | D:5      | Entered Level 5 of the Dungeon
  5647 | D:5      | Noticed teron's ghost (novice HONe)
  5660 | D:5      | Killed teron's ghost
  6066 | D:5      | Reached XP level 9. HP: 45/45 MP: 7/20
  6464 | D:5      | Found a basalt altar of Yredelemnul.
  6626 | D:6      | Noticed Kolbur's ghost (novice MfIE)
  7296 | D:6      | Found a stormy altar of Qazlal.
  7354 | D:6      | Found a deep blue altar of Sif Muna.
  7606 | D:7      | Reached skill level 5 in Dodging
  7626 | D:7      | Found Zaamubil's Magic Scroll Boutique.
  7647 | D:7      | Bought a scroll of amnesia for 45 gold pieces
  7647 | D:7      | Bought a scroll of identify for 26 gold pieces
  7647 | D:7      | Bought a scroll of identify for 26 gold pieces
  7647 | D:7      | Bought a scroll of holy word for 97 gold pieces
  7647 | D:7      | Bought a scroll of identify for 26 gold pieces
  7647 | D:7      | Bought a scroll of teleportation for 39 gold pieces
  7647 | D:7      | Bought a scroll of identify for 26 gold pieces
  7704 | D:7      | Found a staircase to the Ecumenical Temple.
  7802 | Temple   | Entered the Ecumenical Temple
  7912 | Temple   | Became a worshipper of Vehumet
  8462 | D:7      | Found a burning altar of Makhleb.
  8836 | D:8      | Found a shimmering altar of Xom.
  8947 | D:8      | Got a heavy robe
  8958 | D:8      | Identified the +2 robe "Xeomot" {*Confuse Str+10 Int-4 Slay+3} (You found it on level 8 of the Dungeon)
  9057 | D:8      | Reached skill level 10 in Conjurations
  9185 | D:8      | Reached * piety under Vehumet
  9185 | D:8      | Offered knowledge of Freeze by Vehumet.
  9431 | D:8      | Found a sparkling altar of Nemelex Xobeh.
  9531 | D:8      | Found a staircase to the Lair.
  9572 | D:8      | Got a jewelled cloak
  9583 | D:8      | Identified the +1 cloak "Qajar" {*Drain +Fly Regen+ MP+9} (You found it on level 8 of the Dungeon)
  9664 | D:8      | Reached XP level 10. HP: 50/50 MP: 24/24
 10573 | D:9      | Offered knowledge of Throw Flame by Vehumet.
 10574 | D:9      | Reached ** piety under Vehumet
 10747 | D:9      | Noticed Prince Ribbit
 10756 | D:9      | Killed Prince Ribbit
 10757 | D:9      | Reached skill level 11 in Conjurations
 10970 | D:9      | Found a glowing golden altar of the Shining One.
 11121 | D:9      | Reached skill level 10 in Spellcasting
 11336 | D:10     | Entered Level 10 of the Dungeon
 11870 | D:10     | Noticed Grum
 11889 | D:10     | Killed Grum
 11889 | D:10     | Offered knowledge of Stone Arrow by Vehumet.
 12609 | D:10     | Reached *** piety under Vehumet
 12612 | D:10     | Reached XP level 11. HP: 54/54 MP: 27/27
 12923 | D:11     | Offered knowledge of Ignite Poison by Vehumet.
 13196 | D:11     | Noticed Maud
 13469 | D:6      | Killed Kolbur's ghost
 13656 | Lair:1   | Entered Level 1 of the Lair of Beasts
 13663 | D:8      | Slain by a komodo dragon

Vault maps used:
D:1:      lightli_arrival_chessboard
D:2:      nicolae_gozag_cash_rules_everything_around_me,
          nicolae_overflow_crystal_walls, overflow_temple_1_default,
          ecumenical_altar_1, first_bread, uniq_sigmund
D:3:      lemuel_round_altar, gup_sewer_entry_bubbles
D:4:      minitemple, uniq_pikel, uniq_eustachio, uniq_crazy_yiuf_cottage
D:5:      lemuel_zombie_altar_yredelemnul, serial_glass, glass_columns_a,
          glass_columns_c, kennysheep_generic_room_16
D:6:      lemuel_doored_altar, grunt_qazlal_sundering,
          kennysheep_generic_room_12
D:7:      makhleb_blood_cavern_becter, minmay_temple_entry_grid, serial_shops,
          shop_coins, lemuel_statue_altar
D:8:      nemelex_xobeh_ov_fountains_minmay, lair_0_dummy, grunt_pizzeria,
          tgw_xom
D:9:      lemuel_crystal_altar, uniq_prince_ribbit1
D:10:     uniq_grum
D:11:     serial_shops, kennysheep_mini, uniq_maud
Temple:   circular_temple_6
Lair:1:   beast_lair_carwin_10, uniq_gastronok

Action                   |  1- 3 |  4- 6 |  7- 9 | 10-12 || total
-------------------------+-------+-------+-------+-------++-------
Melee: Dagger            |       |     2 |       |       ||     2
       Quarterstaff      |       |       |    10 |       ||    10
       Trident           |       |       |     4 |     5 ||     9
 Cast: Magic Dart        |    70 |   166 |   294 |   298 ||   828
       Iskenderun's Batt |       |     3 |    33 |    42 ||    78
Evoke: Wand              |       |       |       |     1 ||     1
  Use: Scroll            |       |    11 |     2 |    10 ||    23
  Eat: Chunk             |     1 |     8 |    12 |     6 ||    27
       Beef jerky        |       |     1 |     1 |       ||     2
       Fruit             |       |       |     4 |       ||     4
       Meat ration       |       |       |     2 |     3 ||     5
       Pizza             |       |       |       |     1 ||     1
